 Dungeon Crawl Stone Soup version 0.29.1-15-g9cfb28693d (webtiles) character file.

Game seed: 11654227747149438563

42 MysteronAgent647 the Sneak (level 3, 0/15 HPs)
             Began as a Felid Fire Elementalist on Apr 3, 2023.
             Slain by a water moccasin (9 damage)
             ... on level 3 of the Dungeon.
             The game lasted 00:04:39 (965 turns).

MysteronAgent647 the Sneak (Felid Fire Elementalist) Turns: 965, Time: 00:04:39

Health: 0/15       AC:  1    Str:  6    XL:     3   Next: 33%
Magic:  7/7        EV: 17    Int: 16    God:
Gold:   69         SH:  0    Dex: 16    Spells: 0/6 levels left
                                        Lives:  0   Deaths: 0

rFire   . . .      SeeInvis +   (weapon unavailable)
rCold   . . .      Faith    .   (shield unavailable)
rNeg    . . .      Spirit   .   (body armour unavailable)
rPois   .          Reflect  .   (helmet unavailable)
rElec   .          Harm     .   (cloak unavailable)
rCorr   .          Rampage  .   (gloves unavailable)
Will    .....                   (boots unavailable)
Stlth   ++........              (no amulet)
HPRegen 0.05/turn               (no ring)
MPRegen 0.10/turn               (no ring)

@: quick
A: very small, claws 1, fangs 3, see invisible, speed 1, shaggy fur 1, stealthy
paws, no weapons or thrown items, no armour, multi-lived
a: no special abilities


You were on level 3 of the Dungeon.
You visited 1 branch of the dungeon, and saw 3 of its levels.

You collected 69 gold pieces.

Inventory:

Scrolls
 e - a scroll of identify {unknown}
Potions
 b - a potion of heal wounds {unknown}
 c - a potion of attraction {unknown}


   Skills:
 * Level 0.5 Fighting
 * Level 3.0 Dodging
 * Level 3.1 Stealth
 * Level 0.5 Unarmed Combat
 * Level 2.3 Spellcasting
 * Level 1.1 Conjurations
 * Level 0.4 Hexes
 * Level 3.1 Fire Magic


You couldn't memorise any spells.
You knew the following spells:

 Your Spells              Type           Power      Damage    Failure   Level
a - Foxfire               Conj/Fire      32%        2x1d5     9%          1
b - Scorch                Fire           24%        2d6       9%          2
c - Inner Flame           Hex/Fire       7%         N/A       28%         3

Your spell library contained the following spells:

 Spells                   Type           Power      Damage    Failure   Level
 Conjure Flame            Conj/Fire      8%         6-21      26%         3
 Flame Wave               Conj/Fire      8%         2d5       63%         4


Dungeon Overview and Level Annotations

Branches:
Dungeon (3/15)

Altars:
Nemelex Xobeh

Shops:
D:1 (

Annotations:
D:3 1 runed translucent door, dudediamond6's ghost, novice HOFi


Innate Abilities, Weirdness & Mutations

You have sharp claws.
You have razor-sharp teeth.
You have supernaturally acute eyesight. (SInv)
You cover ground quickly. (Speed+)
You are covered in fur. (AC +1)
Your paws help you pounce on unaware monsters.
You are incapable of wielding weapons or throwing items.
You cannot wear armour.
You gain extra lives every three experience levels.


Message History

You pounce on the unaware helpless orc!
You claw the orc!
You kill the orc!
Things that are here:
a +0 short sword; an orc corpse You see here a frilled lizard skeleton.
Found a stone staircase leading down.
There is a stone staircase leading down here.
There is a stone staircase leading down here.
The water moccasin hisses angrily.
Casting: Scorch (safe; 9% risk of failure)
Press: ? - help, Q - select action, (/) - cycle Dir - look around, f - activate Flames lash the water moccasin.
The water moccasin is lightly wounded.
The water moccasin's fire resistance burns away.
You hear a shout!
The water moccasin bites you.
Casting: Scorch (safe; 9% risk of failure)
Press: ? - help, Q - select action, (/) - cycle Dir - look around, f - activate Flames lash the water moccasin.
The water moccasin is burned terribly!
The water moccasin is moderately wounded.
The water moccasin misses you.
Unknown command.
Casting: Scorch (safe; 9% risk of failure)
Press: ? - help, Q - select action, (/) - cycle Dir - look around, f - activate Flames lash the water moccasin.
The water moccasin is burned terribly!
The water moccasin is severely wounded.
The water moccasin completely misses you.
The water moccasin closely misses you.
Casting: Scorch (safe; 9% risk of failure)
Confirm with . or Enter, or press ? or * to list all spells.
You conjure some foxfire!
The water moccasin misses you.
The water moccasin attacks as you move away!
The water moccasin misses you.
The foxfire hits the water moccasin.
The water moccasin is severely wounded.
The foxfire hits the water moccasin.
The water moccasin is burned terribly!
The water moccasin is almost dead.
Magic courses through your body. The water moccasin misses you.
The water moccasin bites you!
Ouch! That really hurt!
You die...

#..># #.# # #...#
... # #...# #.# #
#...#### #.# #
#...##.# #.# #
#...#.#.# #.# #
###....# #.### #.# #
#..S..# #..###.###
#..@§## ##>.##....
#.....## ##...##.###
###....###.##.##.###
#......#.###....[..
#..†..#.## #.##.##.
#####..>..###
#....##. #........##
#.##.##. #.###.<..#
#.##.... #.# #....#
#.....##


You could see a water moccasin (combustible).

Vanquished Creatures
  An adder (D:3)
  2 orcs (D:3)
  3 ball pythons (D:3)
  2 bats
  4 endoplasms
  3 giant cockroaches
  2 goblins
  A hobgoblin (D:3)
  2 kobolds
  2 quokkas
  2 frilled lizards (D:3)
  3 rats
27 creatures vanquished.

Vanquished Creatures (others)
  17 foxfires
17 creatures vanquished.

Grand Total: 44 creatures vanquished

Notes
Turn   | Place    | Note
-------+----------+-------------------------------------------
     0 | D:1      | MysteronAgent647 the Felid Fire Elementalist began the
                  | quest for the Orb.
     0 | D:1      | Reached XP level 1. HP: 7/7 MP: 4/4
   397 | D:2      | Reached XP level 2. HP: 11/11 MP: 4/6
   408 | D:2      | Learned a level 2 spell: Scorch
   529 | D:3      | Reached skill level 1 in Conjurations
   538 | D:3      | Found a runed translucent door.
   550 | D:3      | Noticed dudediamond6's ghost (novice HOFi)
   740 | D:3      | Reached XP level 3. HP: 15/15 MP: 1/7
   754 | D:3      | Learned a level 3 spell: Inner Flame
   755 | D:3      | Noticed a water moccasin
   867 | D:3      | Found a sparkling altar of Nemelex Xobeh.
   965 | D:3      | Slain by a water moccasin

Illustrated notes

Levels and vault maps discovered:
D:1:      wander_arrival_lonely_grave, layout_basic,
          nicolae_ecumenical_snake_handling, serial_shops, shop
D:2:      layout_basic, uniq_terence
D:3:      layout_loops_cross, lightli_temple_of_fire, nemelex_dance_club_becter,
          ebering_ghost_sewer_d

Skill      XL: |  1  2 |
---------------+-------+-----
Fire Magic     | 3 |  3.1
Conjurations   | 1 |  1.1
Stealth        | 3 |  3.1
Dodging        | 3 |  3.0
Fighting       | |  0.5
Unarmed Combat | |  0.5
Spellcasting   | |  2.3
Hexes          | |  0.4

Action                   || total
-------------------------++-------
Melee: Unarmed           ||    32
       Bite              ||     6
       Punch             ||     2
 Cast: Foxfire           ||    11
       Scorch            ||    12
  Use: Scroll            ||     2
       Potion            ||     1
 Stab: Sleeping          ||     7
Armor: Skin              ||     2
Dodge: Dodged            ||    33
